 Dungeon Crawl Stone Soup version 0.23.2-40-g277498a001 (webtiles) character file.

Game seed: 4805055858427378348

3394 Exodus22XD the Fighter (level 10, -6/85 HPs)
             Began as a Gnoll Wanderer on Sept 4, 2019.
             Was a Plaything of Xom.
             Mangled by Grum
             ... wielding a -2 spear
              (11 damage)
             ... on level 9 of the Dungeon.
             The game lasted 00:37:46 (6625 turns).

Exodus22XD the Fighter (Gnoll Wanderer)             Turns: 6625, Time: 00:37:46

Health: -6/85      AC: 14    Str: 21    XL:     10   Next: 4%
Magic:  17/17      EV:  8    Int: 12    God:    Xom [.*....]
Gold:   445        SH:  0    Dex: 16    Spells: 18/18 levels left

rFire    . . .     SeeInvis .   E - +1 halberd (flame)
rCold    . . .     Gourm    .   (shield currently unavailable)
rNeg     . . .     Faith    .   e - +0 plate armour
rPois    .         Spirit   .   (no helmet)
rElec    .         Reflect  .   j - scarf {repulsion}
rCorr    .         Harm     .   (no gloves)
MR       .....                  (no boots)
Stlth    ..........             o - amulet of rage
HPRegen  0.24/turn              (no ring)
MPRegen  0.15/turn              (no ring)

@: about to teleport, repel missiles
A: distributed training, fangs 1, yellow scales 1, strong 1, strong nose
a: Renounce Religion, Evoke Berserk Rage


You were on level 9 of the Dungeon.
You worshipped Xom.
You were a plaything of Xom.
You were not hungry.

You visited 1 branch of the dungeon, and saw 9 of its levels.

You collected 445 gold pieces.

Inventory:

Hand Weapons
 z - a +0 glaive
 E - a +1 halberd of flaming (weapon)
Armour
 e - a +0 plate armour (worn)
 j - a scarf of repulsion (worn)
 y - a +0 leather armour
Magical Staves
 F - an uncursed staff of earth
Jewellery
 o - an amulet of rage (around neck)
Wands
 p - a wand of flame (12)
 w - a wand of acid (1)
 x - a wand of polymorph (8)
Scrolls
 c - 3 scrolls of teleportation
 d - a scroll of random uselessness {unknown}
 g - a scroll of immolation {unknown}
 h - 4 scrolls of enchant armour
 k - 4 scrolls of remove curse
 m - 2 scrolls of fear {unknown}
 q - a scroll of noise {unknown}
 r - 2 scrolls of amnesia {unknown}
 u - 2 scrolls of blinking {unknown}
 C - a scroll of magic mapping {unknown}
 D - a scroll of silence {unknown}
Potions
 b - a potion of mutation
 i - a potion of magic {unknown}
 l - 3 potions of might
 n - 2 potions of invisibility {unknown}
 s - a potion of agility {unknown}
 t - a potion of haste {unknown}
 v - 3 potions of flight {unknown}
 A - a potion of resistance {unknown}
Comestibles
 a - 4 chunks of flesh
 f - 13 rations


   Skills:
 + Level 9.8 Fighting
 + Level 4.7 Short Blades
 + Level 4.7 Long Blades
 + Level 4.7 Axes
 + Level 4.7 Maces & Flails
 + Level 6.7 Polearms
 + Level 6.7 Staves
 + Level 4.7 Slings
 + Level 4.7 Bows
 + Level 4.7 Crossbows
 + Level 4.7 Throwing
 + Level 4.7 Armour
 + Level 4.7 Dodging
 + Level 5.4 Stealth
 + Level 5.5 Shields
 + Level 4.7 Unarmed Combat
 + Level 4.7 Spellcasting
 + Level 3.9 Conjurations
 + Level 3.9 Hexes
 + Level 3.9 Charms
 + Level 3.9 Summonings
 + Level 3.9 Necromancy
 + Level 3.9 Translocations
 + Level 3.9 Transmutations
 + Level 3.9 Fire Magic
 + Level 3.9 Ice Magic
 + Level 3.9 Air Magic
 + Level 3.9 Earth Magic
 + Level 3.9 Poison Magic
 + Level 5.2 Invocations
 + Level 4.7 Evocations


You had 18 spell levels left.
You didn't know any spells.
Your spell library was empty.

Dungeon Overview and Level Annotations

Branches:
Dungeon (11/15)            Temple (0/1) D:6
   Lair: D:8-11         Orc: D:9-12

Altars:
Dithmenos
Gozag
Makhleb
Nemelex Xobeh
Okawaru
Ru
Vehumet
Wu Jian
Xom
Yredelemnul

Annotations:
D:5 3 runed translucent doors, Thantalas's ghost, amateur SpGl
D:9 Grum


Innate Abilities, Weirdness & Mutations

Your experience applies equally to all skills.
You have very sharp teeth.
Your uncanny sense of smell can sniff out nearby items.
You are partially covered in yellow scales. (AC +2)
Your muscles are strong. (Str +2)


Message History

Attack whom?
Press: ? - help, Dir - move target cursor, f/p - Grum
Aim: Grum, wielding a -2 spear and wearing a +0 animal skin (moderately wounded)
You reach to attack!
You barely miss Grum.
Grum is moderately wounded.
Grum barely misses you.
You fail to use your ability.
Grum barely misses you.
Firing (i - inventory) No suitable missiles.
Press: ? - help, Shift-Dir - straight line, f/p - Grum
Aim: Grum, wielding a -2 spear and wearing a +0 animal skin (moderately wounded)
Okay, then.
You fail to use your ability.
Grum hits you but does no damage.
You fail to use your ability.
Grum hits you from afar with a -2 spear!
* * * LOW HITPOINT WARNING * * *
As you read the scroll of teleportation, it crumbles to dust.
You feel strangely unstable.
Grum hits you from afar with a -2 spear!
You die...
Xom bursts into laughter!

#'###..'. #..#########
#...#..####...........
#..#...#..P..............
#..#...'................. ######
#..##'##..##'#...)....... .....#
#..#..#...#..#........... .....#
#..#[.#.⌠.#..#.#.........
.....####..####...#..#.#.........
...........P.)g.@#####.#.........
.................+ ..#.........
.....#####.####..# ..#.........
.##'## #.#..#..# #......... . #.#
#†#..'..# ........... . #.#
#.####..# ..######### .##.###
#.......#### .. ......#
#............ ......#
#..##########


You could see Grum.

Vanquished Creatures
  Pikel (D:6)
  Joseph (D:9)
  A slime creature (D:9)
  Grinder (D:3)
  2 yaks (D:9)
  3 orc warriors
  A black bear (D:6)
  A phantom (D:4)
  An ice beast (D:9)
  A hornet zombie (D:9)
  An ogre (D:6)
  3 wolves (D:9)
  A centaur (D:10)
  A crocodile (D:9)
  A bullfrog (D:6)
  A howler monkey (D:4)
  A crimson imp (D:6)
  A quasit (D:6)
  2 orc priests (D:6)
  A jelly (D:9)
  5 orc wizards
  A bullfrog skeleton (D:5)
  4 worker ants
  A hound skeleton (D:4)
  10 adders
  A howler monkey skeleton (D:11)
  A shadow imp (D:6)
  2 oozes (D:5)
  2 worms
  2 dart slugs
  6 leopard geckos
  21 orcs
  2 ball pythons
  3 giant cockroaches
  2 gnoll zombies (D:3)
  13 hobgoblins
  10 jackals
  5 quokkas
  7 bats
  7 frilled lizards
  13 goblins
  6 kobolds
  5 rats
155 creatures vanquished.

Vanquished Creatures (collateral kills)
  A fire bat (D:6)
1 creature vanquished.

Vanquished Creatures (others)
  A yak (D:9)
  2 jackals (D:9)
3 creatures vanquished.

Grand Total: 159 creatures vanquished

Notes
Turn   | Place    | Note
-------+----------+-------------------------------------------
     0 | D:1      | Exodus22XD the Gnoll Wanderer began the quest for the Orb.
     0 | D:1      | Exodus22XD set off with the following items: a +2 spear, a
                  | potion of lignification, a potion of curing, a +0 robe, a
                  | ration
     0 | D:1      | Reached XP level 1. HP: 26/26 MP: 1/1
    64 | D:1      | Reached XP level 2. HP: 27/33 MP: 2/2
   465 | D:1      | Reached XP level 3. HP: 32/38 MP: 3/3
  1025 | D:2      | Reached skill level 1 in Invocations
  1083 | D:2      | Reached skill level 1 in Short Blades
  1083 | D:2      | Reached skill level 1 in Long Blades
  1083 | D:2      | Reached skill level 1 in Axes
  1083 | D:2      | Reached skill level 1 in Maces & Flails
  1083 | D:2      | Reached skill level 1 in Slings
  1083 | D:2      | Reached skill level 1 in Bows
  1083 | D:2      | Reached skill level 1 in Crossbows
  1083 | D:2      | Reached skill level 1 in Throwing
  1083 | D:2      | Reached skill level 1 in Armour
  1083 | D:2      | Reached skill level 1 in Dodging
  1083 | D:2      | Reached skill level 1 in Unarmed Combat
  1083 | D:2      | Reached skill level 1 in Spellcasting
  1083 | D:2      | Reached skill level 1 in Evocations
  1625 | D:2      | Found a deep blue altar of Sif Muna.
  1627 | D:2      | Found a radiant altar of Vehumet.
  1627 | D:2      | Found a sacrificial altar of Ru.
  1629 | D:2      | Found a shattered altar of Ashenzari.
  1629 | D:2      | Found a shimmering altar of Xom.
  1629 | D:2      | Found a shimmering altar of Xom.
  1654 | D:2      | Became a worshipper of Xom of Chaos
  1693 | D:2      | XOM: silly message
  1715 | D:2      | Reached XP level 4. HP: 45/45 MP: 5/5
  1751 | D:2      | Found a radiant altar of Vehumet.
  1933 | D:3      | Found a sacrificial altar of Ru.
  2003 | D:3      | Reached skill level 1 in Conjurations
  2003 | D:3      | Reached skill level 1 in Hexes
  2003 | D:3      | Reached skill level 1 in Charms
  2003 | D:3      | Reached skill level 1 in Summonings
  2003 | D:3      | Reached skill level 1 in Necromancy
  2003 | D:3      | Reached skill level 1 in Translocations
  2003 | D:3      | Reached skill level 1 in Transmutations
  2003 | D:3      | Reached skill level 1 in Fire Magic
  2003 | D:3      | Reached skill level 1 in Ice Magic
  2003 | D:3      | Reached skill level 1 in Air Magic
  2003 | D:3      | Reached skill level 1 in Earth Magic
  2003 | D:3      | Reached skill level 1 in Poison Magic
  2362 | D:3      | XOM: harmless Fire miscast
  2453 | D:3      | Found a shadowy altar of Dithmenos.
  2458 | D:3      | Reached XP level 5. HP: 51/51 MP: 6/6
  2515 | D:3      | XOM: divination: detect items
  2573 | D:3      | Found an iron altar of Okawaru.
  2673 | D:3      | Noticed Grinder
  2675 | D:3      | Found a basalt altar of Yredelemnul.
  2678 | D:3      | Paralysed by Grinder for 4 turns
  2685 | D:3      | XOM: potion effect (haste)
  2696 | D:3      | XOM: potion effect (might)
  2706 | D:3      | Paralysed by Grinder for 4 turns
  2714 | D:3      | Killed Grinder
  2714 | D:3      | Reached XP level 6. HP: 35/57 MP: 6/8
  2805 | D:3      | XOM: divination: magic mapping
  3020 | D:4      | Noticed a phantom
  3027 | D:4      | XOM: scenery: create altars
  3038 | D:4      | Reached skill level 5 in Polearms
  3038 | D:4      | Reached skill level 5 in Staves
  3038 | D:4      | XOM: torment (19/57 hp)
  3039 | D:4      | Killed a phantom
  3060 | D:4      | XOM is BORED!
  3060 | D:4      | XOM: medium Summ miscast
  3065 | D:4      | HP: 1/57 [small abomination[the capriciousness of Xom]
                  | (22)]
  3219 | D:4      | XOM: divination: detect creatures
  3249 | D:4      | Reached XP level 7. HP: 18/63 MP: 10/10
  3262 | D:4      | Found an opulent altar of Gozag.
  3584 | D:4      | XOM: cloud trail
  3784 | D:4      | XOM: noise
  4034 | D:5      | Entered Level 5 of the Dungeon
  4088 | D:2      | XOM: divination: detect creatures
  4314 | D:5      | XOM is BORED!
  4314 | D:5      | XOM: medium Chrm miscast
  4336 | D:5      | Noticed Thantalas's ghost (amateur SpGl)
  4374 | D:5      | Found a runed translucent gate.
  4374 | D:5      | Found a runed translucent gate.
  4374 | D:5      | Found a runed translucent gate.
  4926 | D:6      | Found a staircase to the Ecumenical Temple.
  4931 | D:6      | Noticed a fire bat
  4931 | D:6      | an ice beast changed into a fire bat
  4933 | D:6      | XOM: cast spell 'Summon Mana Viper'
  4939 | D:6      | Killed a fire bat
  4939 | D:6      | Reached skill level 9 in Fighting
  4955 | D:6      | Reached XP level 8. HP: 71/71 MP: 10/12
  4972 | D:6      | XOM: harmless Summ miscast
  5005 | D:6      | Found an opulent altar of Gozag.
  5099 | D:6      | XOM: divination: magic mapping
  5107 | D:6      | XOM: divination: detect creatures
  5119 | D:6      | XOM: mild Tmut miscast
  5264 | D:6      | Gained mutation: You are partially covered in yellow
                  | scales. (AC +2) [potion of mutation]
  5264 | D:6      | Gained mutation: Your muscles are strong. (Str +2) [potion
                  | of mutation]
  5352 | D:6      | XOM: cloud trail
  5464 | D:6      | Noticed Pikel
  5478 | D:6      | Killed Pikel
  5478 | D:6      | Reached XP level 9. HP: 71/77 MP: 14/14
  5509 | D:6      | You fall through a shaft for 3 floors!
  5509 | D:9      | Found a sparkling altar of Nemelex Xobeh.
  5540 | D:9      | Found an ornate altar of the Wu Jian Council.
  5540 | D:9      | Found a burning altar of Makhleb.
  5549 | D:9      | XOM: harmless Hex miscast
  5555 | D:9      | Noticed Grum
  5562 | D:9      | You fall through a shaft for 2 floors!
  5584 | D:10     | Entered Level 10 of the Dungeon
  5587 | D:10     | Noticed a troll
  5601 | D:10     | XOM: enchant monster (bad)
  5606 | D:10     | XOM: enchant monster (good)
  5712 | D:10     | XOM: noise
  5716 | D:10     | HP: 2/77 [killer bee (2)]
  6081 | D:9      | Noticed a two-headed ogre
  6091 | D:9      | a two-headed ogre changed into a slime creature
  6091 | D:9      | XOM: polymorph two-headed ogre -> slime creature
  6127 | D:9      | XOM: mild Summ miscast
  6229 | D:9      | XOM: confusion
  6230 | D:9      | XOM: mild Hex miscast
  6231 | D:9      | XOM: divination: detect items
  6236 | D:9      | XOM: blink monster(s)
  6242 | D:9      | XOM: swap monsters
  6247 | D:9      | Reached skill level 5 in Shields
  6334 | D:9      | Noticed Joseph
  6334 | D:9      | XOM: confuse monster(s)
  6340 | D:9      | Killed Joseph
  6340 | D:9      | Reached skill level 5 in Stealth
  6376 | D:9      | XOM: destruction
  6378 | D:9      | XOM: enchant monster (good)
  6381 | D:9      | XOM: divination: detect items
  6383 | D:9      | XOM: enchant monster (bad)
  6384 | D:9      | Reached skill level 5 in Invocations
  6404 | D:9      | XOM: mild Conj miscast
  6495 | D:9      | XOM: cast spell 'Summon Butterflies'
  6525 | D:9      | XOM: confusion (+ monsters)
  6537 | D:9      | Reached XP level 10. HP: 27/84 MP: 17/17
  6606 | D:9      | XOM: blink monster(s)
  6607 | D:9      | XOM: noise
  6625 | D:9      | Mangled by Grum

Skill      XL: |  1  2  3  4  5  6  7  8  9 |
---------------+----------------------------+-----
Invocations    | 1 2 3 4 5 |  5.2
Short Blades   | 1 2 3 4 |  4.7
Long Blades    | 1 2 3 4 |  4.7
Axes           | 1 2 3 4 |  4.7
Maces & Flails | 1 2 3 4 |  4.7
Slings         | 1 2 3 4 |  4.7
Bows           | 1 2 3 4 |  4.7
Crossbows      | 1 2 3 4 |  4.7
Throwing       | 1 2 3 4 |  4.7
Armour         | 1 2 3 4 |  4.7
Dodging        | 1 2 3 4 |  4.7
Unarmed Combat | 1 2 3 4 |  4.7
Spellcasting   | 1 2 3 4 |  4.7
Evocations     | 1 2 3 4 |  4.7
Conjurations   | 1 2 3 |  3.9
Hexes          | 1 2 3 |  3.9
Charms         | 1 2 3 |  3.9
Summonings     | 1 2 3 |  3.9
Necromancy     | 1 2 3 |  3.9
Translocations | 1 2 3 |  3.9
Transmutations | 1 2 3 |  3.9
Fire Magic     | 1 2 3 |  3.9
Ice Magic      | 1 2 3 |  3.9
Air Magic      | 1 2 3 |  3.9
Earth Magic    | 1 2 3 |  3.9
Poison Magic   | 1 2 3 |  3.9
Stealth        | 3 4 5 |  5.4
Shields        | 3 4 5 |  5.5
Polearms       | 5 6 |  6.7
Staves         | 5 6 |  6.7
Fighting       | 9 |  9.8

Action                   |  1- 3 |  4- 6 |  7- 9 | 10-12 || total
-------------------------+-------+-------+-------+-------++-------
Melee: Spear             |   127 |   145 |   158 |       ||   430
       Bite              |    12 |    17 |    40 |     1 ||    70
       Punch             |       |     1 |     2 |       ||     3
       Halberd           |       |       |   149 |    10 ||   159
 Abil: Evoke Berserk Rag |       |     1 |     3 |       ||     4
Evoke: Wand              |       |     4 |     4 |       ||     8
  Use: Scroll            |       |     3 |     5 |     1 ||     9
       Potion            |       |     4 |     6 |       ||    10
 Stab: Sleeping          |     1 |     2 |     2 |       ||     5
       Distracted        |     1 |       |       |       ||     1
       Petrified         |       |       |     1 |       ||     1
       Confused          |       |       |     3 |       ||     3
  Eat: Chunk             |     2 |     7 |     9 |     1 ||    19
       Ration            |       |       |     1 |       ||     1
Armor: Robe              |    16 |    13 |     3 |       ||    32
       Skin              |       |     4 |       |       ||     4
       Leather armour    |       |       |    34 |       ||    34
       Plate armour      |       |       |    52 |     6 ||    58
Dodge: Dodged            |    48 |    56 |   203 |     5 ||   312
       Deflected         |       |     2 |     5 |       ||     7
